 Dungeon Crawl Stone Soup version 0.22-a0-785-g6253c82ace (webtiles) character file.

879 Nakatomy the Magician (level 7, -3/39 HPs)
             Began as a Deep Elf Fire Elementalist on July 20, 2018.
             Slain by a scorpion (9 damage)
             ... on level 6 of the Dungeon.
             The game lasted 00:35:54 (7846 turns).

Nakatomy the Magician (Deep Elf Fire Elementalist)  Turns: 7846, Time: 00:35:54

Health: -3/39      AC:  2    Str:  6    XL:     7   Next: 75%
Magic:  18/18      EV: 15    Int: 21    God:
Gold:   200        SH:  0    Dex: 15    Spells: 8/19 levels left

rFire    . . .     SeeInvis .   h - +0 dagger
rCold    . . .     Gourm    .   (no shield)
rNeg     . . .     Faith    .   a - +0 robe
rPois    .         Spirit   .   (no helmet)
rElec    .         Reflect  .   (no cloak)
rCorr    .         Harm     .   (no gloves)
MR       .....                  (no boots)
Stlth    +.........             (no amulet)
HPRegen  0.13/turn              (no ring)
MPRegen  0.16/turn              (no ring)

@: confused, lethally poisoned (-3 -> -18), flying
A: no striking features
a: no special abilities


You were on level 6 of the Dungeon.
You were not hungry.

You visited 1 branch of the dungeon, and saw 6 of its levels.

You collected 200 gold pieces.

Inventory:

Hand Weapons
 h - a +0 dagger (weapon)
Armour
 a - a +0 robe (worn)
Wands
 d - a wand of flame (28)
Scrolls
 b - a scroll of teleportation
 f - 3 scrolls of noise
 g - 3 scrolls of amnesia {unknown}
 i - 2 scrolls of immolation {unknown}
 j - 2 scrolls of blinking {unknown}
 k - 3 scrolls of enchant weapon {unknown}
 o - 3 scrolls of identify {unknown}
 p - 2 scrolls of remove curse
Potions
 e - a potion of might {unknown}
 l - a potion of magic {unknown}
 m - a potion of lignification {unknown}
 r - a potion of heal wounds {unknown}
 t - a potion of berserk rage {unknown}
Comestibles
 c - 5 rations
 s - 2 chunks of flesh


   Skills:
 + Level 1.8 Fighting
 + Level 5.3 Dodging
 - Level 2.4 Stealth
 + Level 6.5 Spellcasting
 + Level 4.7 Conjurations
 + Level 5.4 Fire Magic


You had 8 spell levels left.
You knew the following spells:

 Your Spells              Type           Power        Failure   Level  Hunger
a - Flame Tongue          Conj/Fire      ####.        1%          1    None
b - Throw Flame           Conj/Fire      ####..       1%          2    None
c - Conjure Flame         Conj/Fire      ####....     3%          3    #......
d - Fireball              Conj/Fire      ####......   30%         5    #####..

Your spell library contained the following spells:

 Spells                   Type           Power        Failure   Level  Hunger
 Sticky Flame             Conj/Fire      ####....     11%         4    ###....
 Inner Flame              Hex/Fire       ###.....     9%          3    #......


Dungeon Overview and Level Annotations

Branches:
Dungeon (6/15)
 Temple: D:4-7

Altars:
Gozag
Ru

Shops:
D:5 *

Annotations:
D:3 Grinder


Message History

Something hits you but does no damage. The scorpion stings you.
You are lethally poisoned!
The scorpion poisons you! Something hits you.
* * * LOW HITPOINT WARNING * * *
An ogre comes into view. It is wielding a giant club.
Unknown command.
You bump into the rock wall.
* * * LOW HITPOINT WARNING * * *
You feel sick.
The ogre shouts!
The scorpion closely misses you. Something hits you.
* * * LOW HITPOINT WARNING * * *
It was a potion of flight.
You feel very buoyant.
You fly up into the air.
* * * LOW HITPOINT WARNING * * *
You feel sick. Something hits you.
* * * LOW HITPOINT WARNING * * *
The scorpion stings you!
You die...

## ##.........
#.##
##..#.......
#...#
##)####......
#....###
###o## ####...
#......###..##
####
#.......#.g##
#.......o.##
#.....gs.##
#......@##
#.....###
#..#.....#
#..O..<##
#.##..## . #..
###


You could see an ogre, a gnoll shaman, a scorpion, a gnoll and 2 orcs.

Vanquished Creatures
  2 ogres (D:4)
  A bullfrog (D:6)
  2 hounds
  3 orc wizards (D:4)
  2 bullfrog skeletons (D:4)
  An orc priest (D:3)
  3 iguanas (D:4)
  A worker ant (D:4)
  A hound skeleton (D:3)
  8 gnolls
  8 adders
  3 oozes
  3 worms
  3 dart slugs
  2 leopard geckos
  18 orcs
  4 giant cockroaches
  12 goblins
  7 hobgoblins
  3 jackals (D:1)
  9 kobolds
  3 quokkas
  3 ball pythons
  6 bats
  7 frilled lizards
  A jackal zombie (D:6)
  10 rats
126 creatures vanquished.

Notes
Turn   | Place    | Note
-------+----------+-------------------------------------------
     0 | D:1      | Nakatomy the Deep Elf Fire Elementalist began the quest for the Orb.
     0 | D:1      | Reached XP level 1. HP: 10/10 MP: 6/6
   457 | D:1      | Reached XP level 2. HP: 15/15 MP: 0/8
   639 | D:1      | Learned a level 2 spell: Throw Flame
  1001 | D:1      | Reached XP level 3. HP: 19/19 MP: 6/10
  1131 | D:1      | Learned a level 3 spell: Conjure Flame
  1141 | D:1      | Reached skill level 4 in Spellcasting
  2263 | D:2      | Reached XP level 4. HP: 24/24 MP: 7/12
  3315 | D:3      | Reached XP level 5. HP: 21/28 MP: 9/14
  4686 | D:3      | Noticed Grinder
  4728 | D:3      | Paralysed by Grinder for 2 turns
  5318 | D:3      | Reached skill level 5 in Spellcasting
  5357 | D:4      | Noticed an ogre
  5381 | D:4      | Killed an ogre
  5381 | D:4      | Reached XP level 6. HP: 32/32 MP: 4/15
  5949 | D:4      | Learned a level 5 spell: Fireball
  6103 | D:4      | Reached XP level 7. HP: 37/37 MP: 6/17
  6306 | D:4      | Reached skill level 1 in Fighting
  6306 | D:4      | Reached skill level 5 in Fire Magic
  6440 | D:4      | Found an opulent altar of Gozag.
  6497 | D:4      | Reached skill level 6 in Spellcasting
  6762 | D:4      | Reached skill level 5 in Dodging
  7243 | D:5      | Entered Level 5 of the Dungeon
  7285 | D:5      | Found Zousyffi's Assorted Antiques.
  7710 | D:6      | Found a sacrificial altar of Ru.
  7846 | D:6      | Slain by a scorpion

Vault maps used:
D:1:      dpeg_arrival_pits
D:3:      kennysheep_vampire_church, first_ration, uniq_grinder
D:4:      grunt_gozag_statues, hangedman_decor_diamond_cutter
D:5:      basic_altar, serial_shops, nicolae_shop_waterfront
D:6:      nicolae_ru_sacrificial_ziggurat, chequers_temple_overflow_minitemple,
          cheibrodos_sewer_entry_bend

Skill      XL: |  1  2  3  4  5  6  7 |
---------------+----------------------+-----
Spellcasting   | 4 5 6 |  6.5
Dodging        | 3 4 5 |  5.3
Conjurations   | 2 3 4 |  4.7
Fire Magic     | 4 5 |  5.4
Fighting       | 1 |  1.8
Stealth        | |  2.4

Action                   |  1- 3 |  4- 6 |  7- 9 || total
-------------------------+-------+-------+-------++-------
Melee: Dagger            |       |     2 |       ||     2
 Cast: Flame Tongue      |    75 |   112 |    47 ||   234
       Throw Flame       |    22 |    33 |    28 ||    83
       Conjure Flame     |       |    12 |     7 ||    19
  Use: Scroll            |     1 |     1 |     3 ||     5
       Potion            |       |     2 |     2 ||     4
  Eat: Chunk             |     4 |     6 |     5 ||    15
       Ration            |       |     2 |       ||     2
Armor: Robe              |     1 |     6 |     2 ||     9
Dodge: Dodged            |    24 |    22 |    17 ||    63

Table legend:
 A = Spawn XP
 B = Non-spawn XP
 C = Spawn XP percentage of total XP
 D = Spawn monster count
 E = Non-spawn monster count
 F = Spawn count percentage of total count
 G = Total turns spent on level
                    A         B        C        D         E        F      G
               +---------+---------+-------+---------+---------+-------+---------
         Total |       0 |    1256 |   0.0 |       0 |     126 |   0.0 |  7846
               +---------+---------+-------+---------+---------+-------+---------
           D:1 |       0 |      47 |   0.0 |       0 |      26 |   0.0 |  1977
           D:2 |       0 |     110 |   0.0 |       0 |      30 |   0.0 |  2207
           D:3 |       0 |     141 |   0.0 |       0 |      26 |   0.0 |  1271
           D:4 |       0 |     763 |   0.0 |       0 |      36 |   0.0 |  2129
           D:6 |       0 |     195 |   0.0 |       0 |       8 |   0.0 |   209
               +---------+---------+-------+---------+---------+-------+---------
